[Event "Shropshire Chess Congress 2019"]
[Site "Telford"]
[Date "2019.01.04"]
[Round "1"]
[White "Ireland, David"]
[Black "Stewart, Ashley"]
[Result "1/2-1/2"]
[ECO "B23"]
[WhiteElo "1939"]
[BlackElo "2160"]
[Annotator "NA"]
[PlyCount "143"]
[EventDate "2019.01.04"]
[EventType "swiss"]
[EventCountry "GBR"]
[SourceTitle "playchess.com"]
[Source "ChessBase"]
[SourceQuality "1"]
[TimeControl "5400+30"]

1. e4 c5 2. Nc3 g6 3. f4 Bg7 4. Nf3 Nc6 5. Bb5 Nd4 6. O-O Nxb5 7. Nxb5 d5 8. e5 Bd7 {[%emt 0:02:36] B23: Closed Sicilian: Lines without g3} (8... d4 9. c3 Bd7 10. Qe2 a6 11. Na3 dxc3 12. dxc3 Nh6 13. Rd1 Qc7 14. Nc4 O-O 15. Rxd7 Qxd7 16. Nb6 {½-½ (48) Dimitrov,R (2465)-Spasov,V (2553) Pleven 2015}) 9. Nc3 e6 10. d4 cxd4 11. Nxd4 $146 ({Predecessor:} 11. Qxd4 Nh6 12. Qd3 O-O 13. Be3 Qc7 14. Nb5 Bxb5 15. Qxb5 {0-1 (70) Gamazo,J (1571)-Baumann,D (1952) IECG email 2006}) 11... Ne7 12. Be3 O-O 13. Qe2 a6 14. Rad1 Qc7 15. Qg4 Nc6 16. Nxc6 Qxc6 17. Qg3 f6 18. Bd4 fxe5 19. fxe5 Qc4 20. Qd3 Rxf1+ 21. Kxf1 Rf8+ 22. Kg1 b5 23. Qxc4 bxc4 24. Rf1 g5 25. Rxf8+ Kxf8 26. Kf2 Be8 27. Nd1 h5 28. Ne3 Bg6 29. h3 Be4 30. b3 cxb3 31. axb3 Kf7 32. c4 dxc4 33. Nxc4 Bd5 34. Nd6+ Kg6 35. b4 g4 36. hxg4 hxg4 37. Kg3 Kg5 38. b5 axb5 39. Nxb5 Bb3 40. Nd6 Bc2 41. Ne8 Bf8 42. Nd6 Bf5 43. Be3+ Kg6 44. Bf4 Be7 45. Kf2 Bd8 46. g3 Bb6+ 47. Be3 Ba5 48. Bf4 Bc3 49. Nb5 Bb4 50. Nd6 Bc2 51. Be3 Bc3 52. Bf4 Kg7 53. Ne8+ Kf7 54. Nf6 Bd1 55. Ke3 $11 Ke7 56. Kd3 Bb2 57. Kc4 Be2+ 58. Kc5 Bf3 59. Kc4 Kd8 60. Kc5 Kc7 61. Ne8+ Kd8 62. Nf6 Ke7 63. Ng8+ Kf7 64. Nf6 Bd1 65. Ne4 Ba3+ 66. Kd4 Bf3 67. Ng5+ Kg6 68. Nxe6 Bb2+ 69. Ke3 Kf5 70. Nd4+ Bxd4+ 71. Kxd4 Ke6 72. Kc5 1/2-1/2

[Event "Shropshire Chess Congress 2019"]
[Site "Telford"]
[Date "2019.01.04"]
[Round "1"]
[White "Zabrocki, Philip"]
[Black "Sygnowski, Tomasz"]
[Result "0-1"]
[ECO "C00"]
[WhiteElo "1923"]
[BlackElo "2143"]
[Annotator "NA"]
[PlyCount "32"]
[EventDate "2019.01.04"]
[EventType "swiss"]
[EventCountry "GBR"]
[SourceTitle "playchess.com"]
[Source "ChessBase"]
[SourceQuality "1"]
[TimeControl "5400+30"]

1. e4 e6 2. Nf3 d5 3. e5 c5 4. b4 d4 5. b5 Ne7 6. Na3 Nd5 7. Nc4 a6 8. bxa6 Nxa6 9. a4 Bd7 10. Bb2 Be7 11. d3 $2 (11. c3 $17) 11... Nab4 12. a5 b5 13. axb6 Rxa1 14. Bxa1 Ba4 15. Na3 Qxb6 16. Nd2 Qa5 $19 0-1

[Event "Shropshire Chess Congress 2019"]
[Site "Telford"]
[Date "2019.01.05"]
[Round "2"]
[White "Ghasi, Ameet K"]
[Black "Ferrington, Nigel M"]
[Result "1-0"]
[ECO "A08"]
[WhiteElo "2505"]
[BlackElo "2128"]
[Annotator "ChessBase"]
[PlyCount "61"]
[EventDate "2019.01.04"]
[EventType "swiss"]
[EventCountry "GBR"]
[SourceTitle "playchess.com"]
[Source "ChessBase"]
[SourceQuality "1"]
[TimeControl "5400+30"]

1. Nf3 d5 2. g3 Nf6 3. Bg2 e6 4. O-O Be7 5. d3 O-O 6. Nbd2 c5 7. e4 Nc6 8. Re1 b5 9. e5 Nd7 10. h4 Bb7 11. Nf1 Qc7 12. Bf4 Rfc8 13. N1h2 Qd8 14. Ng4 Bf8 15. Qd2 a5 16. h5 h6 17. Ngh2 a4 18. g4 Ne7 19. g5 hxg5 20. Bxg5 a3 21. b3 d4 22. Ng4 Qa5 23. Qf4 Nf5 24. Nh4 Bxg2 25. Kxg2 Nxh4+ 26. Bxh4 Nb6 27. Kh2 Nd5 28. Nh6+ gxh6 29. Rg1+ Kh8 30. Bf6+ Kh7 31. Qe4# 1-0

[Event "Shropshire Chess Congress 2019"]
[Site "Telford"]
[Date "2019.01.05"]
[Round "2"]
[White "Merry, Alan B"]
[Black "Brotherton, Trevor"]
[Result "1-0"]
[ECO "A27"]
[WhiteElo "2434"]
[BlackElo "2118"]
[Annotator "NA RC"]
[PlyCount "45"]
[EventDate "2019.01.04"]
[EventType "swiss"]
[EventCountry "GBR"]
[SourceTitle "playchess.com"]
[Source "ChessBase"]
[SourceQuality "1"]
[TimeControl "5400+30"]

1. c4 e5 2. Nc3 Nc6 3. Nf3 d6 4. d4 Bg4 5. d5 Nce7 6. e4 g6 {[%emt 0:01:23] LiveBook: 11 Games} 7. c5 a6 $16 8. Qb3 Rb8 9. cxd6 Qxd6 10. Nd2 Bg7 11. Nc4 Qd8 12. f3 Bd7 13. d6 Nc6 14. dxc7 Qxc7 15. Nd5 Qd8 16. Nd6+ Kf8 17. Nxb7 Qc8 18. Bxa6 Nge7 19. Nxe7 Nxe7 20. Nc5 Rxb3 21. Bxc8 Bxc8 22. Nxb3 Nc6 23. Be3 1-0

[Event "Shropshire Chess Congress 2019"]
[Site "Telford"]
[Date "2019.01.05"]
[Round "2"]
[White "Maciol, Ryszard"]
[Black "Hebden, Mark L"]
[Result "1/2-1/2"]
[ECO "E81"]
[WhiteElo "2163"]
[BlackElo "2435"]
[Annotator "NA"]
[PlyCount "104"]
[EventDate "2019.01.04"]
[EventType "swiss"]
[EventCountry "GBR"]
[SourceTitle "playchess.com"]
[Source "ChessBase"]
[SourceQuality "1"]
[TimeControl "5400+30"]

1. d4 Nf6 2. c4 g6 3. Nc3 Bg7 4. e4 d6 5. f3 O-O 6. Nge2 a6 7. Ng3 {[%emt 0:00:19] LiveBook: 5 Games} Nc6 8. d5 Ne5 9. f4 Ned7 10. Be2 c6 11. Be3 h5 12. O-O cxd5 13. cxd5 b5 14. Bf3 Nb6 $16 ({Better is} 14... Bb7 $14) 15. b3 Bd7 16. Rc1 b4 17. Nce2 Bb5 18. Qd2 h4 19. Nh1 a5 20. Rfd1 Nc8 21. Nd4 Na7 22. f5 Bd7 23. fxg6 fxg6 24. Ne6 Bxe6 25. dxe6 Nb5 26. e5 dxe5 27. Qc2 Nd4 28. Bxd4 exd4 29. Bxa8 Qxa8 30. Qxg6 Nd5 31. Nf2 Nf4 32. Qg4 Qd5 33. Nd3 Qxe6 34. Qxe6+ Nxe6 35. g3 hxg3 36. hxg3 Ng5 37. Rc5 e5 38. Rxa5 Nf3+ 39. Kg2 e4 40. Nxb4 e3 41. Nd3 Nd2 42. b4 Nc4 43. Rc5 Nb2 44. Nxb2 Rf2+ 45. Kh3 Rxb2 46. Rd5 Rxb4 47. Kg2 Rb2+ 48. Kf3 Rf2+ 49. Ke4 Rxa2 50. Rd8+ Kf7 51. Rf1+ Bf6 52. Rxd4 e2 1/2-1/2

[Event "Shropshire Chess Congress 2019"]
[Site "Telford"]
[Date "2019.01.05"]
[Round "2"]
[White "Stewart, Ashley"]
[Black "Jarvis, Derek A"]
[Result "1/2-1/2"]
[ECO "A20"]
[WhiteElo "2122"]
[BlackElo "1959"]
[Annotator "NA"]
[PlyCount "128"]
[EventDate "2019.01.04"]
[EventType "swiss"]
[EventCountry "GBR"]
[SourceTitle "playchess.com"]
[Source "ChessBase"]
[SourceQuality "1"]
[TimeControl "5400+30"]

1. c4 e5 2. g3 Nf6 3. Bg2 c6 4. Nf3 e4 5. Nd4 d5 6. d3 Bb4+ 7. Bd2 $11 {[%emt 0:08:48] LiveBook: 5 Games} (7. Nc3 $14) 7... Bxd2+ 8. Qxd2 O-O 9. O-O Qb6 10. e3 exd3 11. cxd5 cxd5 12. Nc3 Nc6 13. Qxd3 Nxd4 14. Qxd4 Qxd4 15. exd4 Be6 16. Rac1 Rac8 17. Nb5 Rfd8 18. h3 h5 19. b3 a6 20. Nc3 Rc6 21. Na4 Rdc8 22. Rxc6 Rxc6 23. Nc5 Bc8 24. Re1 b6 25. Na4 Kf8 26. Re2 Rc1+ 27. Kh2 Rc6 28. f3 Be6 29. g4 hxg4 30. hxg4 Nd7 31. Nb2 Rc3 32. Rd2 Ke7 33. Kg3 Kd6 34. Nd1 Rc1 35. f4 g6 36. g5 Nb8 37. Bf1 Bf5 38. Ne3 Rc3 39. Kf2 Be6 40. Be2 Bd7 41. Rd1 Be6 42. Bd3 Bd7 43. Ke2 Bb5 44. Bxb5 axb5 45. Rd3 Rc1 46. Ng4 Nc6 47. Ne5 Nxe5 48. fxe5+ Ke6 49. Rf3 Rc2+ 50. Kd3 Rxa2 51. Rf6+ Ke7 52. Rxb6 Rg2 53. Rxb5 Rg3+ 54. Kc2 Ke6 55. Ra5 Rxg5 56. Kc3 Rg3+ 57. Kb4 Rd3 58. Ra6+ Kf5 59. Rf6+ Ke4 60. e6 Rxd4+ 61. Kc3 Rd3+ 62. Kc2 fxe6 63. Rxe6+ Kd4 64. Rxg6 Rh3 1/2-1/2

[Event "Shropshire Chess Congress 2019"]
[Site "Telford"]
[Date "2019.01.05"]
[Round "2"]
[White "Mason, Donald J"]
[Black "Ireland, David J"]
[Result "1/2-1/2"]
[ECO "B51"]
[WhiteElo "2097"]
[BlackElo "1930"]
[Annotator "NA"]
[PlyCount "43"]
[EventDate "2019.01.04"]
[EventType "swiss"]
[EventCountry "GBR"]
[SourceTitle "playchess.com"]
[Source "ChessBase"]
[SourceQuality "1"]
[TimeControl "5400+30"]

1. e4 c5 2. Nf3 d6 3. Bb5+ Nc6 4. O-O Bg4 5. h3 Bh5 6. Re1 e6 7. Bxc6+ bxc6 8. d3 $11 {[%emt 0:00:11] LiveBook: 13 Games} Be7 9. c3 Nf6 10. Nbd2 O-O 11. Nf1 Nd7 12. Ng3 Bg6 13. d4 cxd4 14. Nxd4 Qc7 15. Ndf5 exf5 16. exf5 Bf6 17. fxg6 hxg6 18. Bf4 Be5 19. Bxe5 Nxe5 20. Ne4 Rad8 21. f4 d5 22. Nc5 1/2-1/2

[Event "Shropshire Chess Congress 2019"]
[Site "Telford"]
[Date "2019.01.05"]
[Round "2"]
[White "Bin-Suhayl, Ieysaa"]
[Black "Sanchez, Eduardo J"]
[Result "1-0"]
[ECO "E62"]
[WhiteElo "2095"]
[BlackElo "1729"]
[Annotator "NA"]
[PlyCount "65"]
[EventDate "2019.01.04"]
[EventType "swiss"]
[EventCountry "GBR"]
[SourceTitle "playchess.com"]
[Source "ChessBase"]
[SourceQuality "1"]
[TimeControl "5400+30"]

1. Nf3 Nf6 2. c4 g6 3. g3 Bg7 4. Bg2 O-O 5. O-O d6 6. d4 Nc6 7. Nc3 e5 8. dxe5 dxe5 9. Bg5 Be6 10. Qa4 Qc8 11. Nd2 $11 {[%emt 0:03:29] LiveBook: 4 Games} Nd4 12. e3 Nf5 13. Bxf6 Bxf6 14. Nd5 Bd8 15. Ne4 c6 16. Ndc3 Be7 17. Rfd1 Qc7 18. c5 b5 19. Qc2 Rad8 20. b4 a5 21. a3 Nh6 22. Nd6 f5 23. bxa5 Nf7 24. Nxf7 Bxf7 25. Na2 Qxa5 26. Rxd8 Rxd8 27. Nb4 Qc7 28. Nxc6 Rc8 29. Rb1 Bc4 30. a4 e4 31. axb5 Bd5 32. Nxe7+ Qxe7 33. c6 1-0

[Event "Shropshire Chess Congress 2019"]
[Site "Telford"]
[Date "2019.01.05"]
[Round "2"]
[White "Okhai, Shabir"]
[Black "Walton, Alan J"]
[Result "1/2-1/2"]
[ECO "C11"]
[WhiteElo "2073"]
[BlackElo "2149"]
[Annotator "NA"]
[PlyCount "66"]
[EventDate "2019.01.04"]
[EventType "swiss"]
[EventCountry "GBR"]
[SourceTitle "playchess.com"]
[Source "ChessBase"]
[SourceQuality "1"]
[TimeControl "5400+30"]

1. e4 e6 2. d4 d5 3. Nc3 Nf6 4. e5 Nfd7 5. f4 c5 6. Nf3 Nc6 7. Be3 cxd4 8. Nxd4 Bc5 9. Qd2 a6 10. O-O-O O-O 11. h4 {[%emt 0:07:50] LiveBook: 364 Games} Qe7 $14 (11... Nxd4 $11 12. Bxd4 b5) 12. h5 Bxd4 13. Bxd4 Nxd4 14. Qxd4 Qc5 15. Qd2 f6 16. exf6 Nxf6 17. Be2 b5 18. Bf3 Bb7 19. Rhe1 Rae8 20. Qd4 Nd7 21. Bg4 Qd6 22. g3 Nf6 23. Bf3 Rc8 24. Qe3 Rfe8 25. g4 Qc7 26. Qd2 d4 27. Ne4 Bxe4 28. Bxe4 Nxg4 29. Qxd4 Red8 30. Qb4 Rxd1+ 31. Rxd1 Nf2 32. Rd2 Nxe4 33. Qxe4 Re8 1/2-1/2

[Event "Shropshire Chess Congress 2019"]
[Site "Telford"]
[Date "2019.01.05"]
[Round "2"]
[White "Hilton, Tim"]
[Black "Hynes, Anthony M"]
[Result "0-1"]
[ECO "A27"]
[WhiteElo "1781"]
[BlackElo "2093"]
[Annotator "NA"]
[PlyCount "82"]
[EventDate "2019.01.04"]
[EventType "swiss"]
[EventCountry "GBR"]
[SourceTitle "playchess.com"]
[Source "ChessBase"]
[SourceQuality "1"]
[TimeControl "5400+30"]

1. c4 e5 2. Nc3 Nc6 3. Nf3 g6 4. e3 Bg7 5. Be2 {[%emt 0:00:30] LiveBook: 4 Games} Nge7 6. d4 d6 7. O-O O-O 8. a3 Re8 (8... exd4 $11 9. exd4 Bg4) 9. d5 Nb8 $1 10. b4 e4 11. Nd4 Nf5 12. Bb2 $11 Nxd4 13. exd4 Qf6 14. Na4 Nd7 15. Qb3 Qe7 16. c5 Nf6 17. b5 Bf5 18. b6 cxb6 19. cxb6 a6 20. Rac1 Rac8 21. Rxc8 Rxc8 22. Rc1 Qd7 23. Rxc8+ Qxc8 24. Nc3 Bh6 25. Nd1 Bc1 26. Bc3 Bd7 27. a4 Qe8 28. a5 Ba4 29. Qb1 Bh6 30. Bc4 Qc8 31. Nb2 Bb5 32. Qa2 Bxc4 33. Qxc4 Qxc4 34. Nxc4 Nxd5 35. Nxd6 Nxc3 36. Nxb7 Ne2+ 37. Kf1 Nxd4 38. Nc5 Nc6 39. b7 Nb8 40. Nxe4 f5 41. Nd6 Kf8 0-1

[Event "Shropshire Chess Congress 2019"]
[Site "Telford"]
[Date "2019.01.05"]
[Round "3"]
[White "Gonda, Laszlo"]
[Black "Merry, Alan B"]
[Result "1/2-1/2"]
[ECO "A04"]
[WhiteElo "2531"]
[BlackElo "2434"]
[Annotator "ChessBase"]
[PlyCount "79"]
[EventDate "2019.01.04"]
[EventType "swiss"]
[EventCountry "GBR"]
[SourceTitle "playchess.com"]
[Source "ChessBase"]
[SourceQuality "1"]
[TimeControl "5400+30"]

1. Nf3 b6 2. g3 Bb7 3. Bg2 g6 4. O-O Bg7 5. c4 c5 6. Nc3 Nc6 7. e3 Bxc3 8. bxc3 f5 9. e4 fxe4 10. Ng5 Nf6 11. Nxe4 Nxe4 12. Bxe4 Qc7 13. d3 O-O-O 14. Bf4 d6 15. Qd2 Na5 16. Rae1 Rde8 17. Bh6 e6 18. Re3 Qd7 19. Rfe1 Bxe4 20. Rxe4 Nc6 21. Qe2 e5 22. f4 Rhg8 23. fxe5 Rxe5 24. Bf4 Rxe4 25. Qxe4 g5 26. Qd5 Re8 27. Rxe8+ Qxe8 28. Bxg5 Qe1+ 29. Kg2 Qe2+ 30. Kh3 Ne5 31. Qa8+ Kc7 32. Qxa7+ Kc8 33. Qa8+ Kc7 34. Qa7+ Kc8 35. Qa8+ Kc7 36. Qe4 Qf1+ 37. Kh4 Ng6+ 38. Kg4 Ne5+ 39. Kh4 Ng6+ 40. Kh5 1/2-1/2

[Event "Shropshire Chess Congress 2019"]
[Site "Telford"]
[Date "2019.01.05"]
[Round "3"]
[White "Berczes, David"]
[Black "Ghasi, Ameet K"]
[Result "1/2-1/2"]
[ECO "E94"]
[WhiteElo "2472"]
[BlackElo "2505"]
[Annotator "ChessBase"]
[PlyCount "124"]
[EventDate "2019.01.04"]
[EventType "swiss"]
[EventCountry "GBR"]
[SourceTitle "playchess.com"]
[Source "ChessBase"]
[SourceQuality "1"]
[TimeControl "5400+30"]

1. d4 Nf6 2. c4 g6 3. Nc3 Bg7 4. e4 d6 5. Nf3 O-O 6. Be2 e5 7. O-O Nbd7 8. Qc2 c6 9. d5 c5 10. Bg5 h6 11. Bd2 Ne8 12. g3 Ndf6 13. Nh4 Bh3 14. Rfe1 Nh7 15. Rab1 Ng5 16. b4 b6 17. a4 Bd7 18. Bf1 Nh3+ 19. Bxh3 Bxh3 20. a5 Nf6 21. bxc5 bxc5 22. a6 Nh5 23. Rb7 Nf4 24. Reb1 Bc8 25. Be1 Bxb7 26. Rxb7 Bf6 27. Nf3 Qc8 28. Nd2 Nh3+ 29. Kg2 Ng5 30. Nb5 Qh3+ 31. Kg1 Qg4 32. Kg2 Qh3+ 33. Kg1 Qg4 34. Kg2 Qe2 35. Qb1 Bd8 36. h4 Nh7 37. Nc3 Qh5 38. Nf1 g5 39. Ne3 gxh4 40. g4 Qg6 41. f3 h5 42. Kh1 hxg4 43. fxg4 Ng5 44. Nf5 Nf3 45. Rd7 Kh8 46. Bf2 Qxg4 47. Qf1 Nd2 48. Qg2 Qxg2+ 49. Kxg2 Nxc4 50. Nb5 Kg8 51. Nbxd6 Nxd6 52. Nxd6 c4 53. Nxc4 f5 54. Bc5 Rf6 55. Nxe5 Rxa6 56. Nc6 Ra2+ 57. Kh3 Bg5 58. exf5 Bf6 59. Ne7+ Kf7 60. Nc6+ Kg8 61. Ne7+ Kf7 62. Nc6+ Kg8 1/2-1/2

[Event "Shropshire Chess Congress 2019"]
[Site "Telford"]
[Date "2019.01.05"]
[Round "3"]
[White "Hebden, Mark L"]
[Black "Okhai, Shabir"]
[Result "0-1"]
[ECO "A46"]
[WhiteElo "2435"]
[BlackElo "2073"]
[Annotator "NA"]
[PlyCount "138"]
[EventDate "2019.01.04"]
[EventType "swiss"]
[EventCountry "GBR"]
[SourceTitle "playchess.com"]
[Source "ChessBase"]
[SourceQuality "1"]
[TimeControl "5400+30"]

1. d4 Nf6 2. Nf3 e6 3. c4 c5 4. e3 cxd4 5. exd4 d5 6. Nc3 Bb4 7. cxd5 Nxd5 8. Bd2 Nc6 9. Bd3 Be7 10. a3 O-O 11. O-O Bf6 12. Be3 Nce7 13. Qc2 Nf5 14. Rae1 g6 15. Bxf5 Nxe3 16. Rxe3 exf5 17. Rd1 f4 18. Ree1 Bg4 19. Qe4 Re8 20. Qxb7 Rxe1+ 21. Rxe1 Rb8 22. Qd5 Bxf3 23. gxf3 Bxd4 24. Qxd8+ Rxd8 25. Rd1 Bf6 26. Rxd8+ Bxd8 27. Nd5 g5 28. Kf1 Kg7 29. Ke2 Kg6 30. b4 Kh5 31. a4 Kh4 32. a5 Kh3 33. a6 Kxh2 34. b5 Kg2 35. b6 Bxb6 36. Nxb6 h5 37. Nc8 h4 38. Nxa7 h3 39. Nc6 h2 40. a7 h1=Q 41. a8=Q Qf1+ 42. Kd2 Qxf2+ 43. Kc1 Qf1+ 44. Kd2 Qxf3 45. Qe8 Qd5+ 46. Kc3 f3 47. Nd4 f5 48. Qh5 Qc5+ 49. Kd3 Qa3+ 50. Kd2 Qa2+ 51. Kd3 Qb1+ 52. Kd2 Qa2+ 53. Kd3 Qa3+ 54. Kd2 Qa5+ 55. Kd3 g4 56. Nxf5 Qd5+ 57. Ke3 Qe5+ 58. Kd3 Qe2+ 59. Kd4 f2 60. Ne3+ Kg1 61. Qf5 g3 62. Qg5 Qf3 63. Kc5 g2 64. Nxg2 Qxg2 65. Qe3 Qg4 66. Kb6 Kg2 67. Qd2 Qf5 68. Ka7 Qe5 69. Ka8 Kg1 0-1

[Event "Shropshire Chess Congress 2019"]
[Site "Telford"]
[Date "2019.01.05"]
[Round "3"]
[White "Walton, Alan J"]
[Black "Bin-Suhayl, Ieysaa"]
[Result "1/2-1/2"]
[ECO "A45"]
[WhiteElo "2149"]
[BlackElo "2095"]
[Annotator "NA"]
[PlyCount "138"]
[EventDate "2019.01.04"]
[EventType "swiss"]
[EventCountry "GBR"]
[SourceTitle "playchess.com"]
[Source "ChessBase"]
[SourceQuality "1"]
[TimeControl "5400+30"]

1. d4 Nf6 2. Bg5 e6 3. e4 h6 4. Bxf6 Qxf6 5. Nc3 Bb4 6. Qd2 d5 7. Bd3 c5 8. a3 Bxc3 9. Qxc3 dxe4 10. Bxe4 Qxd4 11. Qxd4 cxd4 12. Nf3 f5 13. Bd3 Kf7 14. Nxd4 Rd8 15. Nb5 a6 16. Nc3 b5 17. O-O-O Bb7 18. f3 Nd7 19. Be2 Nb6 20. Rxd8 Rxd8 21. Rd1 Rxd1+ 22. Kxd1 e5 23. Kd2 Ke6 24. Ke3 g5 25. Bd3 h5 26. h3 h4 27. Kf2 Bc8 28. Nd1 Kd6 29. Ne3 f4 30. Nf1 Na4 31. b3 Nc5 32. Bh7 Kd5 33. Nd2 Kd4 34. b4 Ne6 35. Bf5 Kc3 36. Ne4+ Kb2 37. c3 Kxa3 38. Ke1 Bd7 39. Nf6 Bc8 40. Ne4 Bd7 41. Nf6 Bc8 42. Kd2 Kb2 43. Ng4 Kb3 44. Nxe5 Ka4 45. Nd3 Ka3 46. Ne5 Ka4 47. Nf7 a5 48. Bc2+ Ka3 49. bxa5 b4 50. cxb4 Kxb4 51. Bf5 Kxa5 52. Nxg5 Nxg5 53. Bxc8 Kb4 54. Kd3 Kc5 55. Bb7 Kd6 56. Kd4 Ne6+ 57. Ke4 Nc5+ 58. Kxf4 Nxb7 59. Kg4 Ke5 60. Kxh4 Kf6 61. Kh5 Nd6 62. g4 Nf7 63. f4 Nh8 64. f5 Nf7 65. h4 Ne5 66. g5+ Kxf5 67. Kh6 Nf7+ 68. Kh7 Nxg5+ 69. hxg5 Kxg5 1/2-1/2

[Event "Shropshire Chess Congress 2019"]
[Site "Telford"]
[Date "2019.01.05"]
[Round "3"]
[White "Ferrington, Nigel M"]
[Black "Ireland, David J"]
[Result "1-0"]
[ECO "A20"]
[WhiteElo "2128"]
[BlackElo "1930"]
[Annotator "NA"]
[PlyCount "99"]
[EventDate "2019.01.04"]
[EventType "swiss"]
[EventCountry "GBR"]
[SourceTitle "playchess.com"]
[Source "ChessBase"]
[SourceQuality "1"]
[TimeControl "5400+30"]

1. c4 e5 2. g3 Nc6 3. Nc3 Nf6 4. Bg2 g6 5. e4 Bg7 6. Nge2 d6 7. O-O O-O 8. d3 Nh5 9. Be3 f5 10. exf5 gxf5 11. f4 Nf6 12. Kh1 Qe8 13. Qd2 Bd7 14. Rae1 Ne7 15. Bxb7 Bc6+ 16. Bxc6 Qxc6+ 17. Kg1 Ng4 18. Rc1 Rf7 19. b3 h5 20. h3 Nxe3 21. Qxe3 h4 22. Qf3 Qb6+ 23. Kh1 Raf8 24. gxh4 e4 25. Qg3 Kh7 26. Rg1 exd3 27. Qxd3 Bh6 28. Qf3 Qc6 29. Nd5 Nxd5 30. cxd5 Qb6 31. Qh5 Rf6 32. Rc6 Qe3 33. Rxc7+ Kh8 34. Rc3 Qe4+ 35. Qf3 Re8 36. Qxe4 Rxe4 37. Rc8+ Kh7 38. Rc7+ Kh8 39. Ng3 Re3 40. Nh5 Rf8 41. Rg6 Re1+ 42. Kg2 Rg8 43. Rxg8+ Kxg8 44. Rxa7 Rd1 45. b4 Rd2+ 46. Kf3 Rd3+ 47. Ke2 Rxh3 48. b5 Rxh4 49. Nf6+ Kf8 50. b6 {[%emt 0:00:48] Ke8 Ra6+} 1-0

[Event "Shropshire Chess Congress 2019"]
[Site "Telford"]
[Date "2019.01.05"]
[Round "3"]
[White "Brotherton, Trevor"]
[Black "Paul, Nathanael"]
[Result "0-1"]
[ECO "A06"]
[WhiteElo "2118"]
[BlackElo "1925"]
[Annotator "NA"]
[PlyCount "98"]
[EventDate "2019.01.04"]
[EventType "swiss"]
[EventCountry "GBR"]
[SourceTitle "playchess.com"]
[Source "ChessBase"]
[SourceQuality "1"]
[TimeControl "5400+30"]

1. g3 d5 2. Nf3 c6 3. Bg2 Nf6 4. O-O Bf5 5. c4 e6 6. cxd5 exd5 7. Qb3 Qb6 8. Qxb6 axb6 9. Nc3 Bd6 10. d3 O-O 11. Nh4 Bg6 12. Nxg6 hxg6 13. e4 dxe4 14. dxe4 b5 15. f4 Bc5+ 16. Kh1 Ng4 17. Bf3 Ne3 18. Bxe3 Bxe3 19. a3 Nd7 20. Rad1 Nb6 21. Be2 Rfd8 22. Kg2 Bd4 23. Rf3 Bxc3 24. Rxc3 Rxd1 25. Bxd1 Rd8 26. Bc2 Rd2+ 27. Kf3 Nc4 28. a4 Nxb2 29. axb5 cxb5 30. Bb3 Rd3+ 31. Rxd3 Nxd3 32. Ke3 Nc5 33. Bd5 b6 34. Kd4 b4 35. Kc4 b3 36. Kc3 Kf8 37. e5 Ke7 38. Bxb3 Nxb3 39. Kxb3 f6 40. exf6+ Kxf6 41. Kc4 Kf5 42. Kb5 Kg4 43. Kxb6 Kh3 44. Kc6 Kxh2 45. Kd5 Kxg3 46. Ke4 Kf2 47. Kd4 Kf3 48. Ke5 Ke3 49. f5 g5 0-1

[Event "Shropshire Chess Congress 2019"]
[Site "Telford"]
[Date "2019.01.05"]
[Round "3"]
[White "Hynes, Anthony M"]
[Black "Maciol, Ryszard"]
[Result "0-1"]
[ECO "A05"]
[WhiteElo "2093"]
[BlackElo "2163"]
[Annotator "NA"]
[PlyCount "82"]
[EventDate "2019.01.04"]
[EventType "swiss"]
[EventCountry "GBR"]
[SourceTitle "playchess.com"]
[Source "ChessBase"]
[SourceQuality "1"]
[TimeControl "5400+30"]

1. Nf3 Nf6 2. g3 d6 3. Bg2 e5 4. d3 g6 5. O-O Bg7 6. c4 O-O 7. Nc3 Nc6 8. Rb1 Ne8 9. b4 h6 10. b5 Ne7 11. Qc2 Be6 12. Bb2 Qd7 13. Rfc1 f5 14. Nd2 Rb8 15. Ba3 f4 16. c5 fxg3 17. hxg3 Bh3 18. Bh1 Qf5 19. Nf3 Qg4 20. Rb4 Qf5 21. Ra4 g5 22. e3 h5 23. d4 exd4 24. exd4 g4 25. Nh4 Qf7 26. Re1 Bf6 27. Nf5 Kh8 28. Nxe7 Bxe7 29. Rxa7 h4 30. Qe2 hxg3 31. fxg3 Bf6 32. Ra4 Ng7 33. Ne4 d5 34. Nxf6 Qxf6 35. c6 Rfe8 36. Be7 Qf7 37. cxb7 Rxb7 38. Qd2 Rxb5 39. Bb4 Rb6 40. Ra3 Rxe1+ 41. Qxe1 Rxb4 0-1

[Event "Shropshire Chess Congress 2019"]
[Site "Telford"]
[Date "2019.01.05"]
[Round "3"]
[White "Edge, John"]
[Black "Stewart, Ashley"]
[Result "0-1"]
[ECO "B22"]
[WhiteElo "1972"]
[BlackElo "2122"]
[Annotator "NA"]
[PlyCount "84"]
[EventDate "2019.01.04"]
[EventType "swiss"]
[EventCountry "GBR"]
[SourceTitle "playchess.com"]
[Source "ChessBase"]
[SourceQuality "1"]
[TimeControl "5400+30"]

1. e4 c5 2. c3 d5 3. exd5 Qxd5 4. d4 g6 5. Na3 Bg7 6. Nf3 cxd4 7. Bc4 Qe4+ 8. Be3 Nh6 9. Nb5 O-O 10. cxd4 Nc6 11. Nc3 Qg4 12. h3 Qh5 13. Qd2 Ng4 14. O-O-O Nxe3 15. fxe3 Bd7 16. Kb1 Rac8 17. Nd5 Bf5+ 18. Ka1 Be4 19. g4 Qh6 20. Rhf1 e5 21. g5 Qxh3 22. Ng1 Qg2 23. Rf2 Qxg5 24. Nc3 Bf5 25. Nf3 Qd8 26. d5 Nb4 27. Bb3 Nd3 28. Rh2 Nc5 29. Bc2 Bxc2 30. Qxc2 Qf6 31. Qg2 h6 32. Rf1 Qa6 33. Nd2 Na4 34. Nde4 Nxc3 35. Nxc3 e4 36. Nxe4 Qc4 37. Rb1 Qd3 38. Nd6 Rcd8 39. Nxb7 Rxd5 40. Qf3 Qb5 41. e4 Rd7 42. e5 Qxb7 0-1

[Event "Shropshire Chess Congress 2019"]
[Site "Telford"]
[Date "2019.01.05"]
[Round "3"]
[White "Jarvis, Derek A"]
[Black "Sygnowski, Tomasz"]
[Result "0-1"]
[ECO "C05"]
[WhiteElo "1959"]
[BlackElo "2143"]
[Annotator "NA"]
[PlyCount "122"]
[EventDate "2019.01.04"]
[EventType "swiss"]
[EventCountry "GBR"]
[SourceTitle "playchess.com"]
[Source "ChessBase"]
[SourceQuality "1"]
[TimeControl "5400+30"]

1. e4 e6 2. d4 d5 3. Nd2 Nf6 4. e5 Nfd7 5. Bd3 c5 6. c3 Nc6 7. Ne2 Qb6 8. O-O Be7 9. Nf3 a5 10. a3 a4 11. h4 h6 12. h5 O-O 13. Bc2 Qa6 14. Nf4 Re8 15. Re1 Nf8 16. Bd2 Bd7 17. Be3 Qb6 18. Qc1 cxd4 19. Nxd4 Nxd4 20. Bxd4 Bc5 21. Ne2 Rec8 22. Rb1 Qd8 23. Qf4 b6 24. Rbd1 Bb5 25. Ng3 Nd7 26. Re3 Qc7 27. Ne2 Bxe2 28. Rxe2 f6 29. Qg4 f5 30. Qg3 Nb8 31. Be3 Bxe3 32. Rxe3 Nc6 33. Qg6 Qf7 34. Rg3 Qxg6 35. Rxg6 Kf7 36. f4 b5 37. g4 Ne7 38. gxf5 Nxg6 39. fxe6+ Kxe6 40. Bxg6 Rc4 41. Bd3 Rxf4 42. Bxb5 Kxe5 43. Bc6 Rd8 44. Kg2 Rd6 45. Be8 d4 46. Re1+ Re4 47. Rxe4+ Kxe4 48. Bxa4 dxc3 49. bxc3 Kd3 50. Kg3 Kxc3 51. Be8 Kd4 52. Kg4 Ke5 53. a4 Rd1 54. Bb5 Rd4+ 55. Kf3 Kf6 56. Ke3 Rh4 57. Kd3 Ke7 58. a5 Rxh5 59. Kc4 Kd6 60. a6 Rxb5 61. Kxb5 Ke5 0-1

[Event "Shropshire Chess Congress 2019"]
[Site "Telford"]
[Date "2019.01.05"]
[Round "3"]
[White "Ansari, Athar"]
[Black "Mason, Donald J"]
[Result "1-0"]
[ECO "A48"]
[WhiteElo "1893"]
[BlackElo "2097"]
[Annotator "NA"]
[PlyCount "91"]
[EventDate "2019.01.04"]
[EventType "swiss"]
[EventCountry "GBR"]
[SourceTitle "playchess.com"]
[Source "ChessBase"]
[SourceQuality "1"]
[TimeControl "5400+30"]

1. d4 Nf6 2. Bf4 g6 3. Nf3 Bg7 4. e3 O-O 5. Be2 d6 6. c3 Nbd7 7. h3 Qe8 8. Nbd2 e5 9. Bg3 Qe7 10. O-O Nh5 11. Bh4 Bf6 12. Bxf6 Nhxf6 13. b4 Re8 14. c4 e4 15. Nh2 h5 16. f4 exf3 17. Rxf3 Nf8 18. Qf1 N6h7 19. e4 Ne6 20. Rd3 Neg5 21. Bf3 f5 22. Re1 Bd7 23. e5 dxe5 24. Bxb7 Rab8 25. Bd5+ Kg7 26. dxe5 Rxb4 27. Nhf3 c6 28. Nxg5 Nxg5 29. Bf3 Ne6 30. Qf2 Rb6 31. Nb3 Nf4 32. Rd6 Be6 33. Qd4 Qh4 34. Rd1 Qg3 35. Kf1 Rb4 36. Rxc6 Nxh3 37. Rd2 Rxc4 38. Rxc4 Bxc4+ 39. Qxc4 Rxe5 40. Qc7+ Kh6 41. Re2 Qh2 42. Rxe5 Qg1+ 43. Ke2 Nf4+ 44. Kd2 Qf2+ 45. Kc3 Qf1 46. Re3 1-0